 Dungeon Crawl Stone Soup version 0.23-a0-41-g8b50da7 (webtiles) character file.

58 rgaf the Skirmisher (level 4, -1/35 HPs)
             Began as a Formicid Abyssal Knight on Aug 5, 2018.
             Was a Follower of Lugonu.
             Splashed by a jelly's acid (9 damage)
             ... on level 2 of the Dungeon.
             The game lasted 00:01:30 (2355 turns).

rgaf the Skirmisher (Formicid Abyssal Knight)       Turns: 2355, Time: 00:01:31

Health: -1/35      AC:  3    Str: 17    XL:     4   Next: 21%
Magic:  6/6        EV: 11    Int: 12    God:    Lugonu [*.....]
Gold:   106        SH:  0    Dex: 10    Spells: 3/3 levels left

rFire    . . .     SeeInvis +   a - +1 hand axe
rCold    . . .     Gourm    .   (no shield)
rNeg     . . .     Faith    .   b - +0 leather armour
rPois    .         Spirit   .   (helmet unavailable)
rElec    .         Reflect  .   (no cloak)
rCorr    .         Harm     .   (no gloves)
MR       .....                  (no boots)
Stlth    +.........             (no amulet)
HPRegen  0.11/turn              (no ring)
MPRegen  0.10/turn              (no ring)

@: no status effects
A: permanent stasis, dig shafts and tunnels, four strong arms, antennae 3
a: Dig, Shaft Self, Depart the Abyss, Renounce Religion


You were on level 2 of the Dungeon.
You worshipped Lugonu.
Lugonu was aware of your devotion.
You were hungry.

You visited 1 branch of the dungeon, and saw 2 of its levels.
You visited the Abyss 1 time.

You collected 106 gold pieces.

Inventory:

Hand Weapons
 a - a +1 hand axe (weapon)
Missiles
 g - 19 bolts
 l - 28 arrows
Armour
 b - a +0 leather armour (worn)
Scrolls
 d - a scroll of amnesia {unknown}
 e - a scroll of immolation {unknown}
 j - 4 scrolls of remove curse {unknown}
 k - 3 scrolls of teleportation {unknown}
Potions
 f - a potion of heal wounds {unknown}
 h - a potion of curing {unknown}
 i - a potion of invisibility {unknown}
 m - a potion of resistance {unknown}
Comestibles
 c - 2 rations


   Skills:
 - Level 3.2 Fighting
 * Level 3.2 Axes
 + Level 3.0 Armour
 - Level 0.8 Dodging
 + Level 3.0 Invocations


You had 3 spell levels left.
You didn't know any spells.
Your spell library was empty.

Dungeon Overview and Level Annotations

Branches:
Dungeon (2/15)

Altars:


Innate Abilities, Weirdness & Mutations

You cannot be hasted, slowed, berserked, paralysed or teleported.
You can dig through walls and to a lower floor.
Your four strong arms can wield two-handed weapons with a shield.
You have a pair of large antennae on your head. (SInv)


Message History

A jelly is nearby!
A jelly is nearby!
You barely miss the jelly. The jelly hits you but does no damage.
You hit the jelly.
Your hands burn!
The jelly is moderately wounded.
You are feeling hungry.
The jelly hits you.
You are splashed with acid!
The acid burns!
You slash the jelly!
Your hands burn!
The jelly is almost dead.
The jelly hits you. The acid corrodes you!
You are splashed with acid!
The acid burns!
* * * LOW HITPOINT WARNING * * *
You are no longer corroded.
There is a stone staircase leading up here.
You barely miss the jelly.
The jelly is almost dead.
The jelly hits you.
* * * LOW HITPOINT WARNING * * *
You are splashed with acid!
The acid burns!
You die...

#.#.............
##.#########.###.
##...##.......# #.
#..#....#####.###.
#....#### #(....
#.#.## ###.##
#.#.# #.# #.#.#
#.# #@#.# #.#
#J#.# #######.#
#.#.# #.......#
#.#.# #.#######
#.#.# #.#
#<#.#####.#
#.........#
#...#######
#####..#.####


You could see a jelly.

Vanquished Creatures
  3 adders (D:2)
  A leopard gecko (D:1)
  2 ball pythons
  4 bats
  A giant cockroach (D:1)
  2 goblins
  A hobgoblin (D:1)
  2 jackals (D:1)
  6 kobolds
  2 frilled lizards
  6 rats
30 creatures vanquished.

Notes
Turn   | Place    | Note
-------+----------+-------------------------------------------
     0 | Abyss:1  | rgaf the Formicid Abyssal Knight began the quest for the Orb.
     0 | Abyss:1  | Reached XP level 1. HP: 18/18 MP: 2/2
   136 | Abyss:1  | Noticed a fire bat
   138 | D:1      | Escaped the Abyss
   311 | D:1      | Reached XP level 2. HP: 7/24 MP: 3/3
   558 | D:1      | Reached * piety under Lugonu
   597 | D:1      | You fall through a shaft!
   597 | D:2      | Found a faded altar of an unknown god.
   779 | D:1      | Reached XP level 3. HP: 19/29 MP: 4/4
  2078 | D:2      | Reached XP level 4. HP: 17/35 MP: 6/6
  2355 | D:2      | Splashed by a jelly's acid

Vault maps used:
D:1:      dpeg_arrival_signposts
D:2:      lemuel_round_altar, chequers_ecumenical_altar_simple_redux,
          first_ration, dk_xom_monty_hall
Abyss:1:  lemuel_firewalk_3

Skill      XL: |  1  2  3  4 |
---------------+-------------+-----
Axes           | 3 |  3.2
Invocations    | 3 |  3.0
Armour         | 3 |  3.0
Fighting       | |  3.2
Dodging        | |  0.8

Action                   |  1- 3 |  4- 6 || total
-------------------------+-------+-------++-------
Melee: Hand axe          |   100 |    16 ||   116
Invok: Depart the Abyss  |     1 |       ||     1
  Eat: Chunk             |     2 |     2 ||     4
Armor: Leather armour    |    27 |     9 ||    36
Dodge: Dodged            |    67 |    10 ||    77

Table legend:
 A = Spawn XP
 B = Non-spawn XP
 C = Spawn XP percentage of total XP
 D = Spawn monster count
 E = Non-spawn monster count
 F = Spawn count percentage of total count
 G = Total turns spent on level
                    A         B        C        D         E        F      G
               +---------+---------+-------+---------+---------+-------+---------
         Total |       0 |      84 |   0.0 |       0 |      30 |   0.0 |  2355
               +---------+---------+-------+---------+---------+-------+---------
           D:1 |       0 |      32 |   0.0 |       0 |      18 |   0.0 |  1390
           D:2 |       0 |      52 |   0.0 |       0 |      12 |   0.0 |   827
               +---------+---------+-------+---------+---------+-------+---------
